 Dungeon Crawl Stone Soup version 0.30-a0-1093-gcfb1e0cf12 (webtiles) character file.

Game seed: 13392933409321638185

143450 FlurksSlurper the Thaumaturge (level 16, -4/117 HPs)
             Began as a Demonspawn Brigand on Apr 17, 2023.
             Was an Initiate of Gozag.
             Slain by a demonic crawler (12 damage)
             ... on level 2 of the Spider Nest.
             The game lasted 02:01:37 (27363 turns).

FlurksSlurper the Thaumaturge (Demonspawn Brigand) Turns: 27363, Time: 02:01:38

Health: -4/117     AC: 35    Str: 14 (16) XL:     16   Next: 82%
Magic:  33/33      EV: 12    Int: 14 (15) God:    Gozag
Gold:   3837       SH:  9    Dex: 19 (20) Spells: 33/42 levels left

rFire   . . .      SeeInvis +    a - +5 glaive of the Guard {elec, spectral, AC+5}
rCold   . . .      Faith    .    (shield currently unavailable)
rNeg    . . .      Spirit   .    f - +8 scale mail of the Fife {Slay+2}
rPois   +          Reflect  +    (helmet unavailable)
rElec   +          Rampage  .    S - +2 cloak {Stlth+}
rCorr   .                        x - +1 pair of gloves of the Worm {Dex+4}
Will    +....                    o - +0 pair of boots
Stlth   +++                      k - amulet of reflection
HPRegen 2.39/turn                y - ring of poison resistance
MPRegen 0.23/turn                t - ring of see invisible

@: gold aura, hasted, studying Spellcasting, very quick
A: horns 3, thin metallic scales 3, icemail 1, powered by death 2, condensation
shield, deterioration 1
a: Renounce Religion, Potion Petition, Call Merchant, Bribe Branch


You were on level 2 of the Spider Nest.
You worshipped Gozag.
Gozag was most pleased with you.
You visited 5 branches of the dungeon, and saw 25 of its levels.
You visited the Abyss 1 time.
You also visited: Ice Cave.

You collected 9914 gold pieces.
You spent 3574 gold pieces at shops.
You paid 2503 gold pieces to Gozag.

Inventory:

Hand Weapons
 a - the +5 glaive of the Guard (weapon) {elec, spectral, AC+5}
   (You found it on level 10 of the Dungeon)

   AC:        It affects your AC (+5).
 b - a +2 sling of freezing
 c - a +3 scimitar of flaming
Missiles
 d - 58 poisoned darts
 e - 5 atropa-tipped darts
 D - 4 throwing nets
 H - 4 silver boomerangs
 I - 10 boomerangs (quivered)
 N - 2 curare-tipped darts
Armour
 f - the +8 scale mail of the Fife (worn) {Slay+2}
   (You found it on level 5 of the Lair of Beasts)

   Slay:      It affects your accuracy & damage with ranged weapons and melee
   (+2).
 o - a +0 pair of boots (worn)
 x - the +1 pair of gloves of the Worm (worn) {Dex+4}
   (You found it on level 15 of the Dungeon)

   Dex:       It affects your dexterity (+4).
 S - a +2 cloak of stealth (worn)
Jewellery
 k - an amulet of reflection (around neck)
 t - a ring of see invisible (right hand)
 u - a +4 ring of protection
 v - a ring of wizardry
 y - a ring of poison resistance (left hand)
 E - a ring of ice
 W - a +6 ring of strength
Wands
 h - a wand of polymorph (2)
 i - a wand of flame (6)
 C - a wand of iceblast (31)
 J - a wand of acid (3)
 K - a wand of paralysis (18)
 M - a wand of mindburst (17)
 U - a wand of digging (4)
Scrolls
 j - 4 scrolls of amnesia
 l - 4 scrolls of fog
 q - 9 scrolls of identify
 s - 10 scrolls of teleportation
 z - 3 scrolls of poison
 A - a scroll of fear
 B - 4 scrolls of magic mapping
 F - 2 scrolls of silence
 O - 2 scrolls of enchant armour
Potions
 g - 3 potions of haste
 m - a potion of brilliance
 n - 3 potions of curing
 p - a potion of heal wounds
 r - 3 potions of might
 w - 2 potions of resistance
 L - 4 potions of magic
 Z - 2 potions of cancellation
Miscellaneous
 G - a lightning rod (4/4)


   Skills:
 - Level 8.0 Fighting
 - Level 2.0(5.1) Short Blades
 - Level 7.5(7.7) Long Blades
 - Level 7.6 Maces & Flails
 - Level 11.5 Polearms
 + Level 8.2 Ranged Weapons
 + Level 10.6 Throwing
 - Level 6.3 Armour
 - Level 5.4 Dodging
 - Level 6.1 Stealth
 - Level 6.4 Shields
 - Level 5.6 Unarmed Combat
 * Level 13.6 Spellcasting
 * Level 6.5 Conjurations
 + Level 3.6 Fire Magic
 + Level 3.5 Air Magic
 + Level 5.4 Poison Magic
 - Level 2.2 Evocations


You had 33 spell levels left.
You knew the following spells:

 Your Spells              Type           Power      Damage    Failure   Level
a - Poisonous Vapours     Pois/Air       44%        N/A       6%          2
b - Mephitic Cloud        Conj/Pois/Air  23%        N/A       10%         3
c - Sticky Flame          Conj/Fire      23%        2d4       32%         4

Your spell library contained the following spells:

 Spells                   Type           Power      Damage    Failure   Level
 Shock                    Conj/Air       92%        1d8       3%          1
 Cigotuvi's Dreadful Rot  Necr/Pois/Air  34%        N/A       12%         2
 Swiftness                Air            19%        N/A       19%         3
 Hailstorm                Conj/Ice       18%        3d6       21%         3
 Ignite Poison            Fire/Tmut/Pois 18%        N/A       22%         3
 Inner Flame              Hex/Fire       14%        N/A       36%         3
 Vhi's Electric Charge    Tloc/Air       28%        N/A       36%         3
 Iskenderun's Battlesphe  Conj           27%        2d8       45%         5
 Airstrike                Air            9%         2d(2-18)  54%         4
 Arcjolt                  Conj/Air       11%        1d21      67%         5
 Freezing Cloud           Conj/Ice/Air   9%         6-21      88%         5
 Ice Form                 Ice/Tmut       9%         N/A       95%         4
 Passage of Golubria      Tloc           9%         N/A       95%         4
 Silence                  Hex/Air        7%         N/A       98%         5
 Summon Forest            Summ/Tloc      4%         N/A       100%        5
 Summon Mana Viper        Hex/Summ       9%         N/A       100%        5
 Yara's Violent Unravell  Hex/Tmut       4%         3d4       100%        5
 Iron Shot                Conj/Erth      9%         9d3       100%        6
 Plasma Beam              Fire/Air       9%         2x1d22    100%        6
 Summon Cactus Giant      Summ           4%         N/A       100%        6
 Enfeeble                 Hex            4%         N/A       100%        7
 Spellforged Servitor     Conj/Summ      9%         N/A       100%        7
 Ignition                 Fire           9%         3d5       100%        8
 Lehudib's Crystal Spear  Conj/Erth      9%         10d4      100%        8
 Simulacrum               Ice/Necr       Unusable   N/A       N/A         6

Dungeon Overview and Level Annotations

Branches:
Dungeon (15/15)            Temple (1/1) D:5            Lair (5/5) D:11
 Shoals (0/4) Lair:3       Spider (2/4) Lair:2        Slime (0/5) Lair:5
    Orc (2/2) D:11            Elf (0/3) Orc:2        Vaults (0/5) D:14
 Depths (0/4) D:15          IceCv (visited)

Altars:
Ashenzari
Cheibriados
Dithmenos
Fedhas
Gozag
Hepliaklqana
Kikubaaqudgha
Makhleb
Nemelex Xobeh
Okawaru
Qazlal
Ru
Sif Muna
Trog
Uskayaw
Vehumet
Wu Jian
Xom
Yredelemnul
Jiyva

Shops:
D:2 [   D:11 [[   D:15 :   Orc:2 ::!:   Spider:1 [

Portals:
Trove: D:10 (give 7 scrolls of fog)

Annotations:
D:12 1 runed translucent door
Lair:5 2 transporters, anet's ghost, journeyman MiBe


Innate Abilities, Weirdness & Mutations

You have a pair of large horns on your head.
You are completely covered in thin metallic scales. (AC +4, rElec)
A meltable icy envelope protects you from harm. (AC +4)
You regenerate health from kills.
A meltable shield of frost defends you. (SH +4)
Your body sometimes deteriorates upon taking damage.


Message History

The demonic crawler closely misses you. You block the demonic crawler's attack.
The demonic crawler hits you but does no damage.
Unknown command.
You slash the tarantella! Your headbutt misses the tarantella.
The tarantella is heavily wounded.
Your +5 glaive of the Guard {elec, spectral, AC+5} hits the tarantella from afar!
Lightning courses through the tarantella!
You kill the tarantella!
The demonic crawler closely misses you. The demonic crawler hits you.
* * * LOW HITPOINT WARNING * * *
The demonic crawler hits you but does no damage.
You barely miss the demonic crawler.
The demonic crawler is moderately wounded.
Your +5 glaive of the Guard {elec, spectral, AC+5} hits the demonic crawler but does no damage.
Lightning courses through the demonic crawler!
The demonic crawler hits you but does no damage.
The demonic crawler hits you!
* * * LOW HITPOINT WARNING * * *
The demonic crawler closely misses you.
Found a stone.
Found a stone staircase leading down.
Your +5 glaive of the Guard {elec, spectral, AC+5} disappears.
The jumping spider is no longer distracted by gold.
Reach: a) +5 glaive of the Guard {elec, spectral, AC+5}
Press: ? - help, Dir - move target, f - jumping spider
Aim: a jumping spider (about 34% to evade the +5 glaive of the Guard)
You reach to attack!
You hit the jumping spider.
The jumping spider is lightly wounded.
Your +5 glaive of the Guard {elec, spectral, AC+5} hits the jumping spider.
Lightning courses through the jumping spider!!
The jumping spider closely misses your +5 glaive of the Guard {elec, spectral, AC+5}.
The jumping spider bites your +5 glaive of the Guard {elec, spectral, AC+5} but does no damage.
You barely miss the demonic crawler.
The demonic crawler is lightly wounded.
Your +5 glaive of the Guard {elec, spectral, AC+5} hits the demonic crawler!
Lightning courses through the demonic crawler!
The demonic crawler hits you!
* * * LOW HITPOINT WARNING * * *
The demonic crawler hits you!
You die...
Your body crumbles into a pile of gold.

#.......##..#...#°....#..
...#..#.###..##...°##.^#
##.#...## #.##....°#..#
###..## #....###°.# . ##.
##...".°°.## # ##
#.###°#.$$# ####.Bs..##
##(#.#.# #@s..#.#
#..##(...# #$....(#.?
.....#(#.#.# #....(#.. #
. #..(##. .. #.... .>...
#...( .. $


You could see a boulder beetle (rolling), a demonic crawler, a jumping spider
(distracted) and a friendly +5 glaive of the Guard {elec, spectral, AC+5}.

Vanquished Creatures
  Saint Roka (Orc:2)
  Arachne (Spider:1)
  A hellephant (Abyss:4)
  Jorgrun (Spider:1)
  A tentacled starspawn (Abyss:4)
  Gastronok (D:11)
  Frances (D:14)
  2 emperor scorpions (Spider:1)
  3 ghost moths
  Nessos (D:14)
  Azrael (Spider:1)
  A dire elephant (Lair:5)
  An ettin (Orc:1)
  Snorg (Orc:2)
  2 fire dragons (D:15)
  Harold (D:11)
  2 vault guards (D:14)
  Fannar (Lair:2)
  A merfolk avatar (Lair:5)
  6 hydras
  A jorogumo (Spider:2)
  A catoblepas (Lair:5)
  Erica (D:8)
  2 centaur warriors
  5 ogre magi
  A radroach (Spider:1)
  3 death yaks (Lair:3)
  21 two-headed ogres
  Urug (Orc:2)
  8 boulder beetles
  Nergalle (D:10)
  Sonja (D:10)
  2 pharaoh ants
  A shadow wraith (Abyss:4)
  3 skysharks (Lair:5)
  3 sea snakes (Lair:5)
  2 deep trolls (Orc:2)
  2 orb spiders
  3 steelbarb worms (Spider:2)
  3 necromancers (D:14)
  2 wizards (D:14)
  2 large abominations (Abyss:4)
  3 harpies (Lair:5)
  3 orc sorcerers
  3 deep elf pyromancers
  3 orc knights
  12 wolf spiders
  10 ugly things (D:14)
  3 manticores
  A will-o-the-wisp (Abyss:4)
  6 cyclopes
  2 elephants (Lair:5)
  Maurice (D:8)
  4 black mambas
  3 demonic crawlers
  3 torpor snails (Spider:2)
  A gargoyle (D:14)
  An unseen horror (D:11)
  13 cane toads
  8 komodo dragons
  3 rime drakes
  An efreet (D:14)
  2 kobold demonologists (D:12)
  An anaconda simulacrum (IceCv)
  A merfolk (Lair:3)
  3 meliai (Spider:2)
  17 trolls
  A tengu conjurer (D:14)
  12 tarantellas
  Grinder (D:6)
  2 hornets (Lair:5)
  Prince Ribbit (Lair:2)
  7 polar bears
  A wind drake (Lair:5)
  A polar bear (shapeshifter) (D:15)
  4 dream sheep (Lair:5)
  15 blink frogs
  3 culicivoras (Spider:2)
  7 slime creatures (D:13)
  21 jumping spiders
  3 dire elephant simulacra (IceCv)
  14 starcursed masses
  40 yaks
  A wraith (D:12)
  13 basilisks
  4 wyverns
  3 hogs (D:12)
  Eustachio (D:6)
  20 humans
  4 fire elementals (Spider:1)
  2 steam dragons (Lair:5)
  2 death yak simulacra (IceCv)
  24 redbacks
  8 vampire mosquitoes
  6 wargs
  A harpy simulacrum (IceCv)
  A spatial vortex (Abyss:4)
  7 water moccasins
  2 hydra simulacra (IceCv)
  3 acid dragons
  2 ice beasts (D:5)
  22 orc warriors
  A small abomination (Abyss:4)
  27 ogres
  8 wolves
  17 centaurs
  2 phantoms
  5 kobold brigands
  8 bullfrogs
  9 scorpions
  2 gnoll sergeants
  6 two-headed ogre simulacra (IceCv)
  4 cane toad simulacra (IceCv)
  10 wights
  11 killer bees
  An elephant simulacrum (IceCv)
  2 electric eels (D:11)
  A howler monkey (D:6)
  4 jellies (Lair:5)
  9 hounds
  28 orc priests
  An iron imp (Abyss:4)
  11 iguanas
  A sleepcap (D:6)
  15 orc wizards
  4 troll simulacra (IceCv)
  A polar bear simulacrum (IceCv)
  5 spriggan simulacra (IceCv)
  Robin (D:3)
  11 gnolls
  3 naga simulacra (IceCv)
  8 adders
  2 shadow imps
  10 white imps
  11 ufetubi
  2 worms
  2 dart slugs
  73 orcs
  6 ball pythons
  4 bats
  7 endoplasms
  7 giant cockroaches
  10 hobgoblins
  3 jackals
  25 kobolds
  5 quokkas
  A frilled lizard (D:2)
  14 goblins
  6 rats
  A butterfly (D:12)
871 creatures vanquished.

Vanquished Creatures (collateral kills)
  A large abomination (Abyss:4)
  4 wights (D:8)
  An orc priest (D:8)
  3 orc wizards (D:8)
  An orc (D:8)
10 creatures vanquished.

Vanquished Creatures (others)
  A culicivora (Spider:1)
  A redback (Spider:1)
  A hound (D:11)
  A kobold (D:8)
  6 foxfires (Abyss:4)
  27 fungi
  39 plants (Lair:5)
  15 spectral weapons
  2 starspawn tentacles (Abyss:4)
93 creatures vanquished.

Grand Total: 974 creatures vanquished

Notes
Turn   | Place    | Note
-------+----------+-------------------------------------------
     0 | D:1      | FlurksSlurper the Demonspawn Brigand began the quest for
                  | the Orb.
     0 | D:1      | Reached XP level 1. HP: 16/16 MP: 1/1
   482 | D:1      | Gained mutation: You have a pair of small horns on your
                  | head. [demonic ancestry]
   482 | D:1      | Reached XP level 2. HP: 21/22 MP: 0/2
  1073 | D:2      | Reached XP level 3. HP: 27/27 MP: 1/3
  1180 | D:2      | Found Miuq's Antique Armour Emporium.
  1184 | D:2      | Identified the +2 ring mail of Watchfulness {rElec Int+3
                  | Dex-3}
  1682 | D:2      | Reached skill level 1 in Dodging
  1735 | D:2      | Found a faded altar of an unknown god.
  1735 | D:2      | Noticed a hellwing
  1995 | D:3      | Noticed a phantom
  2022 | D:3      | Killed a phantom
  2023 | D:3      | Reached skill level 1 in Maces & Flails
  2023 | D:3      | Reached skill level 1 in Armour
  2023 | D:3      | Gained mutation: You have a pair of horns on your head.
                  | [demonic ancestry]
  2023 | D:3      | Reached XP level 4. HP: 21/33 MP: 1/4
  2023 | D:3      | Reached XP level 5. HP: 24/38 MP: 1/5
  2557 | D:3      | Found a glowing drain.
  2667 | D:3      | Gained mutation: You regenerate a little health from kills.
                  | [demonic ancestry]
  2667 | D:3      | Reached XP level 6. HP: 46/46 MP: 2/6
  2858 | D:3      | Noticed Robin
  2902 | D:3      | Killed Robin
  3329 | D:4      | Identified the +1 falchion of Hatred {drain, rF- rC+ rCorr
                  | Int+3}
  3897 | D:4      | Reached skill level 1 in Unarmed Combat
  3897 | D:4      | Reached skill level 1 in Spellcasting
  3979 | D:5      | Entered Level 5 of the Dungeon
  3979 | D:5      | Found Zin's Purification Station.
  3982 | D:5      | Noticed an ice beast
  3990 | D:5      | Reached skill level 1 in Shields
  4006 | D:5      | Killed an ice beast
  4007 | D:5      | Gained mutation: A meltable shield of frost defends you.
                  | (SH +4) [demonic ancestry]
  4007 | D:5      | Reached XP level 7. HP: 52/52 MP: 4/8
  4018 | D:5      | Bought a potion of curing for 90 gold pieces
  4269 | D:5      | Found a shimmering blue altar of Sif Muna.
  4287 | D:5      | Reached skill level 2 in Spellcasting
  4425 | D:5      | Identified the +11 whip of Uskayaw's Delight {freeze, rN+
                  | Int+2}
  4451 | D:5      | Found a hide-covered altar of Uskayaw.
  4526 | D:5      | Found a staircase to the Ecumenical Temple.
  4608 | D:5      | Reached skill level 1 in Polearms
  4625 | Temple   | Entered the Ecumenical Temple
  4630 | Temple   | Became a worshipper of Gozag Ym Sagoz the Greedy
  4876 | D:5      | Gained mutation: You are partially covered in thin metallic
                  | scales. (AC +2) [demonic ancestry]
  4876 | D:5      | Reached XP level 8. HP: 60/60 MP: 11/11
  5083 | D:6      | Found a sacrificial altar of Ru.
  5088 | D:6      | You fall into a shaft and drop 2 floors!
  5585 | D:6      | Noticed Grinder
  5585 | D:6      | Paralysed by Grinder for 2 turns
  5596 | D:6      | Killed Grinder
  5597 | D:6      | Reached skill level 5 in Stealth
  5681 | D:6      | Reached skill level 1 in Evocations
  5753 | D:6      | Reached skill level 3 in Spellcasting
  5792 | D:6      | Noticed Eustachio
  5802 | D:6      | Killed Eustachio
  5896 | D:6      | Noticed a manticore
  5904 | D:6      | Killed a manticore
  5905 | D:6      | Gained mutation: You are mostly covered in thin metallic
                  | scales. (AC +3) [demonic ancestry]
  5905 | D:6      | Reached XP level 9. HP: 25/67 MP: 12/14
  6762 | D:7      | Reached skill level 5 in Fighting
  7087 | D:8      | Noticed Maurice
  7104 | D:8      | Killed Maurice
  7145 | D:8      | Noticed Erica
  7154 | D:8      | Reached skill level 4 in Spellcasting
  7160 | D:8      | Killed Erica
  7161 | D:8      | Reached skill level 5 in Throwing
  7161 | D:8      | Gained mutation: You have a pair of large horns on your
                  | head. [demonic ancestry]
  7161 | D:8      | Reached XP level 10. HP: 76/76 MP: 16/16
  7626 | D:8      | Found a sparkling altar of Nemelex Xobeh.
  8131 | D:9      | Reached skill level 5 in Maces & Flails
  8131 | D:9      | Reached skill level 5 in Unarmed Combat
  8393 | D:9      | Learned a level 2 spell: Poisonous Vapours
  8394 | D:9      | Noticed a two-headed ogre
  8424 | D:9      | Killed a two-headed ogre
  8425 | D:9      | Reached skill level 1 in Poison Magic
  8806 | D:10     | Entered Level 10 of the Dungeon
  8851 | D:10     | Reached skill level 5 in Spellcasting
  8900 | D:10     | Gained mutation: A meltable icy envelope protects you from
                  | harm. (AC +4) [demonic ancestry]
  8900 | D:10     | Reached XP level 11. HP: 69/83 MP: 18/18
  8966 | D:10     | Found the +5 glaive of the Guard {elec, spectral, AC+5}
  9040 | D:10     | Noticed Nergalle
  9094 | D:10     | Killed Nergalle
  9095 | D:10     | Reached skill level 1 in Ranged Weapons
  9161 | D:10     | Found a portal to a secret trove of treasure.
  9239 | D:10     | Noticed Sonja
  9246 | D:10     | Killed Sonja
  9773 | D:11     | Noticed Gastronok
  9791 | D:11     | Killed Gastronok
  9802 | D:11     | Found a frozen archway.
  9850 | D:11     | Reached skill level 5 in Armour
  9893 | IceCv    | Entered an ice cave
 10754 | IceCv    | Reached skill level 5 in Shields
 10856 | IceCv    | Noticed a reaper
 10871 | IceCv    | HP: 4/83 [reaper/+2 scythe of freezing (11)]
 10886 | IceCv    | HP: 2/83 [reaper/+2 scythe of freezing (5)]
 11374 | IceCv    | Identified the +2 falchion "Ter Toiv" {venom, rElec rF+
                  | Dex+2}
 11489 | D:11     | Noticed a two-headed ogre
 11511 | D:12     | Noticed a boulder beetle
 11514 | D:12     | Killed a two-headed ogre
 11525 | D:12     | Reached XP level 12. HP: 89/89 MP: 19/19
 11537 | D:12     | Killed a boulder beetle
 11704 | D:12     | Found a runed translucent door.
 11708 | D:12     | Found a runed translucent door.
 13153 | D:13     | Reached skill level 5 in Dodging
 13455 | D:13     | Reached skill level 1 in Conjurations
 13794 | D:13     | Reached skill level 5 in Ranged Weapons
 13886 | D:11     | Bought a steaming chain mail for 266 gold pieces
 13886 | D:11     | Identified the +0 chain mail of Refuge {+Inv Str+5 Stlth+}
                  | (You bought it in a shop on level 11 of the Dungeon)
 13886 | D:11     | Bought a slimy scale mail for 252 gold pieces
 13886 | D:11     | Identified the +0 scale mail of the Enchanted Forest {rPois
                  | Will+ Regen+ Str+2} (You bought it in a shop on level 11 of
                  | the Dungeon)
 13915 | D:11     | Bought a distressingly furry ring mail for 252 gold pieces
 13915 | D:11     | Identified the +2 ring mail of Patience {rElec rPois} (You
                  | bought it in a shop on level 11 of the Dungeon)
 13915 | D:11     | Bought an encrusted ring mail for 252 gold pieces
 13915 | D:11     | Identified the +4 ring mail of the Ecumenical Temple
                  | {*Corrode Str+6 Int+4} (You bought it in a shop on level 11
                  | of the Dungeon)
 13973 | D:11     | Found a staircase to the Orcish Mines.
 14137 | D:11     | Found a staircase to the Lair.
 14150 | Lair:1   | Entered Level 1 of the Lair of Beasts
 14625 | Lair:1   | Reached skill level 5 in Polearms
 15165 | Lair:2   | Noticed Fannar
 15180 | Lair:2   | Killed Fannar
 15301 | Lair:2   | Reached XP level 13. HP: 96/96 MP: 20/20
 15527 | Lair:2   | Noticed Prince Ribbit
 15546 | Lair:2   | Killed Prince Ribbit
 15592 | Lair:2   | Found a hole to the Spider Nest.
 16413 | Lair:3   | Reached skill level 1 in Air Magic
 16908 | Lair:3   | Learned a level 3 spell: Mephitic Cloud
 16913 | Lair:3   | Learned a level 4 spell: Sticky Flame
 17039 | Lair:3   | Found a staircase to the Shoals.
 17107 | Lair:3   | Reached skill level 5 in Poison Magic
 17559 | Lair:4   | Reached skill level 1 in Fire Magic
 18118 | Lair:5   | Entered Level 5 of the Lair of Beasts
 18118 | Lair:5   | Noticed anet's ghost (journeyman MiBe)
 18118 | Lair:5   | Found a transporter.
 18156 | Lair:5   | Found a transporter.
 18193 | Lair:5   | Found a viscous altar of Jiyva.
 18193 | Lair:5   | Found a staircase to the Slime Pits.
 18406 | Lair:5   | Paralysed by a hornet for 3 turns
 18500 | Lair:5   | Reached skill level 1 in Long Blades
 18587 | Lair:5   | Noticed a dire elephant
 18610 | Lair:5   | Killed a dire elephant
 18612 | Lair:5   | Gained mutation: You regenerate health from kills. [demonic
                  | ancestry]
 18612 | Lair:5   | Reached XP level 14. HP: 44/103 MP: 22/22
 18686 | Lair:5   | Reached skill level 5 in Long Blades
 19055 | Lair:5   | Identified the +2 trident of Xeteonk {freeze, Int+7}
 19056 | Lair:5   | Identified the +1 rapier of Vulig {freeze, rC+ Str+3}
 19067 | Lair:5   | Identified the +8 scale mail of the Fife {Slay+2}
 20004 | Orc:1    | Entered Level 1 of the Orcish Mines
 20148 | Orc:1    | Reached skill level 10 in Polearms
 20432 | Orc:2    | Entered Level 2 of the Orcish Mines
 20432 | Orc:2    | Found a staircase to the Elven Halls.
 20555 | Orc:2    | Noticed Urug
 20578 | Orc:2    | Killed Urug
 20795 | Orc:2    | Noticed Snorg
 20807 | Orc:2    | Killed Snorg
 20809 | Orc:2    | Noticed Saint Roka
 20831 | Orc:2    | Killed Saint Roka
 20927 | Orc:2    | Reached XP level 15. HP: 54/110 MP: 23/23
 21012 | Orc:2    | Found Kemigrot's Book Shop.
 21017 | Orc:2    | Found Poriy's Distillery.
 21021 | Orc:2    | Bought a manual of Spellcasting for 1440 gold pieces
 21023 | Orc:2    | Found Nuwif's Book Boutique.
 21024 | Orc:2    | Found Dolig's Book Boutique.
 21026 | Orc:2    | Bought a potion of curing for 39 gold pieces
 21026 | Orc:2    | Bought a potion of curing for 39 gold pieces
 21026 | Orc:2    | Bought a potion of curing for 39 gold pieces
 21026 | Orc:2    | Bought a potion of haste for 130 gold pieces
 21506 | D:11     | Noticed Harold
 21516 | D:11     | Killed Harold
 21517 | D:11     | Reached skill level 6 in Spellcasting
 21876 | D:14     | Reached skill level 7 in Spellcasting
 22011 | D:14     | Reached skill level 8 in Spellcasting
 22042 | D:14     | Reached skill level 9 in Spellcasting
 22042 | Abyss:2  | Cast into level 2 of the Abyss (a wizard)
 22074 | Abyss:4  | Noticed a hellephant
 22208 | Abyss:4  | Reached skill level 10 in Spellcasting
 22262 | Abyss:4  | Noticed a hellephant
 22268 | Abyss:4  | Noticed a tentacled starspawn
 22277 | Abyss:4  | Killed a tentacled starspawn
 22284 | Abyss:4  | Killed a hellephant
 22290 | Abyss:4  | Gained mutation: Your body sometimes deteriorates upon
                  | taking damage. [a neqoxec]
 22293 | D:14     | Escaped the Abyss
 22357 | D:14     | Found a gate to the Vaults.
 22410 | D:14     | Noticed Nessos
 22418 | D:14     | Killed Nessos
 23044 | D:14     | Noticed Frances
 23052 | D:14     | Killed Frances
 23155 | D:15     | Entered Level 15 of the Dungeon
 23208 | D:15     | Identified the +1 pair of gloves of the Worm {Dex+4}
 23290 | D:15     | Found Xummaxog's Book Boutique.
 23355 | D:15     | Reached skill level 11 in Spellcasting
 23652 | D:15     | Gained mutation: You are completely covered in thin
                  | metallic scales. (AC +4, rElec) [demonic ancestry]
 23652 | D:15     | Reached XP level 16. HP: 117/117 MP: 31/31
 23751 | D:15     | Found a staircase to the Depths.
 24623 | Spider:1 | Entered Level 1 of the Spider Nest
 24826 | Spider:1 | Reached skill level 12 in Spellcasting
 25379 | Spider:1 | Reached skill level 5 in Conjurations
 25674 | Spider:1 | Noticed Jorgrun
 25678 | Spider:1 | Noticed Azrael
 25856 | Spider:1 | Killed Jorgrun
 25925 | Spider:1 | Killed Azrael
 26303 | Spider:1 | Identified the +0 helmet of the Big Bang {Str+6}
 26634 | Spider:1 | Bought a faintly humming robe for 131 gold pieces
 26634 | Spider:1 | Identified the +1 robe "Hero's Friend" {Harm Will+ Regen+
                  | Int-3} (You bought it in a shop on level 1 of the Spider
                  | Nest)
 26634 | Spider:1 | Bought a transparent plate armour for 644 gold pieces
 26634 | Spider:1 | Identified the +4 plate armour of Nudusuut {Int+4} (You
                  | bought it in a shop on level 1 of the Spider Nest)
 26722 | Spider:2 | Reached skill level 13 in Spellcasting
 26770 | Spider:2 | Reached skill level 10 in Throwing
 26790 | Spider:2 | Noticed Arachne
 26811 | Spider:1 | HP: 5/117 [Arachne/staff of poison (3)]
 26816 | Spider:1 | Killed Arachne
 27363 | Spider:2 | Slain by a demonic crawler

Illustrated notes

Levels and vault maps discovered:
D:1:      matt_arrival_spirals, layout_basic
D:2:      layout_basic, serial_shops, shop,
          dreamdust_ecumenical_altar_sealed_demon
D:3:      layout_loops_ring, gup_sewer_entry_spiral, uniq_robin
D:4:      layout_cave_pools, grunt_decor_fettered, minivault_11
D:5:      minmay_razor_zed, layout_basic, zin_purify,
          mainiacjoe_overflow_large_starburst, temple_pool_b
D:6:      minmay_evil_eye, layout_loops_corners,
          nicolae_ru_sacrificial_ziggurat, uniq_eustachio, uniq_grinder
D:7:      layout_basic
D:8:      layout_cave_pools, nicolae_overflow_crystal_walls, uniq_maurice,
          uniq_erica
D:9:      layout_basic
D:10:     layout_loops_ring, enter_trove_2, uniq_nergalle, uniq_sonja
D:11:     layout_basic, erik_lair_island, portal_ice_cave_entry_pillars_2,
          kennysheep_small_square, uniq_harold, uniq_gastronok
D:12:     lemuel_insect_pit, layout_loops_corners, grunt_livestock
D:13:     nicolae_cairo_tiling_very_big, layout_basic
D:14:     layout_basic, grunt_vaults_entry_tiered,
          minmay_misc_feat_four_crosses, abandoned_shop, solitary_fountain,
          uniq_frances, uniq_nessos
D:15:     grunt_enter_depths_hoard, layout_basic, serial_shops, shop,
          serial_bayou_pond_d, lemuel_another_geyser
Temple:   sentei_temple_godly_chess
Lair:1:   layout_cave_pods, hangedman_lair_generics_rect, grunt_megastairs_4
Lair:2:   layout_layer_cave, dummy_spider_entry, uniq_prince_ribbit2,
          uniq_fannar
Lair:3:   layout_cave_pods, elwin_shoals_entry_rooms, kennysheep_basilisk_garden
Lair:4:   hellmonk_ruined_rings, layout_misc_corridors
Lair:5:   gammafunk_lair_ancient_temple, layout_loops_ring,
          nicolae_slime_entry_slimehenge, gammafunk_ghost_berserking_beasts
Spider:1: layout_cave_pods, drop_trap, uniq_jorgrun, uniq_azrael
Spider:2: layout_spider_delve, drop_trap, hangedman_stitches_earthworm,
          uniq_kirke, uniq_arachne
Orc:1:    layout_caves
Orc:2:    st_orc_open, layout_caves, uniq_snorg, uniq_saint_roka, uniq_urug

Skill      XL: |  1  2  3  4  5  6  7  8  9 10 11 12 13 14 15 16 |
---------------+-------------------------------------------------+-----
Stealth        | 4 5 6 |  6.1
Throwing       | 2 3 5 6 8 10 | 10.6
Short Blades   | 2 |  2.0
Dodging        | 1 2 3 4 5 |  5.4
Maces & Flails | 1 2 3 4 5 7 |  7.6
Armour         | 1 2 3 4 5 6 |  6.3
Fighting       | 3 4 5 6 7 8 |  8.0
Unarmed Combat | 1 3 4 5 |  5.6
Spellcasting   | 1 2 3 4 5 11 13 | 13.6
Shields        | 1 2 3 5 6 |  6.4
Polearms       | 1 5 9 11 | 11.5
Evocations     | 1 2 |  2.2
Poison Magic   | 1 4 5 |  5.4
Ranged Weapons | 3 5 6 8 |  8.2
Conjurations   | 1 2 3 6 |  6.5
Air Magic      | 2 3 |  3.5
Fire Magic     | 1 2 3 |  3.6
Long Blades    | 3 7 |  7.5

Action                     |  1- 3 |  4- 6 |  7- 9 | 10-12 | 13-15 | 16-18 || total
---------------------------+-------+-------+-------+-------+-------+-------++-------
  Melee: Whip              |   105 |   153 |   140 |   606 |       |       ||  1004
         Dagger            |     7 |       |       |       |       |       ||     7
         Headbutt          |    19 |    25 |    24 |   167 |   155 |    76 ||   466
         Punch             |     1 |     1 |     3 |    10 |     2 |       ||    17
         Spear             |       |    19 |    46 |       |       |       ||    65
         Glaive            |       |       |       |    72 |   792 |   311 ||  1175
         Scimitar          |       |       |       |       |    41 |       ||    41
   Fire: Sling             |     1 |     1 |       |    22 |     4 |       ||    28
  Throw: Dart              |    34 |    27 |    55 |    66 |    73 |    20 ||   275
         Boomerang         |       |       |    10 |    32 |    38 |    20 ||   100
 Invoke: Call Merchant     |       |       |       |     1 |       |     2 ||     3
  Evoke: Wand              |       |       |    10 |     8 |     8 |    12 ||    38
    Use: Scroll            |       |     8 |     6 |    13 |    14 |     2 ||    43
         Potion            |       |       |     2 |     3 |     4 |    13 ||    22
   Stab: Sleeping          |     2 |     1 |     4 |     5 |     6 |     7 ||    25
         Distracted        |       |       |     2 |     5 |    19 |     9 ||    35
         Paralysed         |       |       |     6 |     2 |       |       ||     8
 Armour: Scale mail        |    23 |       |       |    76 |   419 |   349 ||   867
         Robe              |     1 |       |       |       |       |       ||     1
         Ring mail         |    29 |    51 |    62 |   175 |       |       ||   317
  Dodge: Dodged            |    55 |    66 |    77 |   296 |   400 |   233 ||  1127
  Block: Other             |    29 |    48 |    95 |   174 |   369 |   194 ||   909
         Reflection        |       |       |     6 |    22 |     9 |     1 ||    38
         Buckler           |       |       |       |   213 |       |       ||   213

Table legend: (Time is in decaauts)
 A = Elapsed time spent in this place.
 B = Non-inter-level travel time spent in this place.
 C = Inter-level travel time spent in this place.
 D = Time resting spent in this place.
 E = Time spent auto-exploring this place.
 F = Levels seen in this place.
 G = Mean time per level.
                   A        B        C        D        E       F      G
               +--------+--------+--------+--------+--------+-----+--------+
         Total |  27604 |  26466 |   1138 |   2071 |  16860 |  29 |  951.9 |
       Dungeon |  15213 |  14509 |    704 |    526 |  10223 |  15 | 1014.2 |
        Temple |      9 |      9 |      0 |      0 |      0 |   1 |    9.0 |
          Lair |   6084 |   5767 |    317 |    370 |   3797 |   5 | 1216.8 |
   Spider Nest |   2780 |   2732 |     48 |    410 |   1534 |   2 | 1390.0 |
  Orcish Mines |   1710 |   1642 |     68 |      0 |    978 |   2 |  855.0 |
         Abyss |    254 |    254 |      0 |      0 |      0 |   3 |   84.7 |
      Ice Cave |   1551 |   1551 |      0 |    764 |    327 |   1 | 1551.0 |
               +--------+--------+--------+--------+--------+-----+--------+

Top non-repeatable levels by time:
Spider:1: 2351 daAuts
  Lair:5: 1822 daAuts
   IceCv: 1551 daAuts
    D:12: 1386 daAuts
    D:13: 1284 daAuts
     D:3: 1261 daAuts
  Lair:2: 1221 daAuts
  Lair:3: 1190 daAuts
     D:2: 1162 daAuts
     D:6: 1086 daAuts
  Lair:1: 1073 daAuts
     D:5: 1052 daAuts
   Orc:2: 1027 daAuts
     D:9: 1018 daAuts
    D:14: 982 daAuts
